 Dungeon Crawl Stone Soup version 0.27-a0-1384-g1422d76b99 (webtiles) character file.

Game seed: 3456182329014028854

236 sokol815 the Sneak (level 6, -6/36 HPs)
             Began as an Octopode Hedge Wizard on June 30, 2021.
             Shot with an arrow by a centaur (15 damage)
             ... on level 4 of the Dungeon.
             The game lasted 00:06:52 (3700 turns).

sokol815 the Sneak (Octopode Hedge Wizard)          Turns: 3700, Time: 00:06:53

Health: -6/36      AC:  1    Str:  9    XL:     6   Next: 6%
Magic:  10/10      EV: 13    Int: 17    God:
Gold:   144        SH:  0    Dex: 13    Spells: 6/11 levels left

rFire    . . .     SeeInvis .   b - +0 flail (protect)
rCold    + . .     Faith    .   (no shield)
rNeg     . . .     Spirit   .   i - +0 hat
rPois    +         Reflect  .   (no amulet)
rElec    .         Harm     .   P - ring of poison resistance {rPois, !d}
rCorr    .         Rampage  .   C - ring of protection from cold {rC+, !d}
Will     .....                  (no ring)
Stlth    ++++......             (no ring)
HPRegen  0.12/turn              (no ring)
MPRegen  0.12/turn              (no ring)
                                (no ring)
                                (no ring)

@: no status effects
A: almost no armour, amphibious, 8 rings, camouflage 1, gelatinous body 1,
(nimble swimmer 1), tentacles
a: no special abilities


You were on level 4 of the Dungeon.
You visited 1 branch of the dungeon, and saw 4 of its levels.

You collected 144 gold pieces.

Inventory:

Hand Weapons
 a - a +0 dagger
 b - a +0 flail of protection (weapon)
   (You took it off an orc on level 3 of the Dungeon)
Missiles
 c - 19 arrows
 f - 29 bolts
 h - 2 boomerangs
 k - 6 datura-tipped darts
 l - 14 poisoned darts
 m - 3 atropa-tipped darts
 s - 26 stones
Armour
 i - a +0 hat (worn)
Jewellery
 C - a ring of protection from cold (right tentacle) {rC+, !d}
   (You found it on level 3 of the Dungeon)
 P - a ring of poison resistance (left tentacle) {rPois, !d}
   (You found it on level 1 of the Dungeon)
Wands
 q - a wand of flame (13)
   (You took it off Ijyb on level 3 of the Dungeon)
Scrolls
 e - a scroll of identify {unknown}
 g - a scroll of vulnerability {unknown}
 j - 2 scrolls of teleportation {unknown}
 o - a scroll of silence {unknown}
Potions
 d - a potion of mutation {unknown}
 n - a potion of curing {unknown}


   Skills:
 - Level 2.5 Short Blades
 - Level 2.0 Dodging
 * Level 7.0 Stealth
 - Level 3.0 Spellcasting
 - Level 1.0 Conjurations
 - Level 1.0 Summonings
 - Level 1.0 Translocations
 + Level 1.2 Transmutations
 + Level 1.2 Ice Magic


You had 6 spell levels left.
You knew the following spells:

 Your Spells              Type           Power      Damage    Failure   Level
a - Magic Dart            Conj           20%        1d4       12%         1
b - Ice Form              Ice/Tmut       6%         N/A       71%         4

Your spell library contained the following spells:

 Spells                   Type           Power      Damage    Failure   Level
 Beastly Appendage        Tmut           12%        N/A       11%         1
 Wereblood                Tmut           6%         N/A       16%         2
 Blink                    Tloc           N/A        N/A       17%         2
 Call Imp                 Summ           5%         N/A       17%         2
 Slow                     Hex            2%         N/A       26%         2
 Conjure Flame            Conj/Fire      4%         6-21      38%         3
 Spider Form              Tmut/Pois      2%         N/A       38%         3
 Mephitic Cloud           Conj/Pois/Air  3%         N/A       41%         3


Dungeon Overview and Level Annotations

Branches:
Dungeon (4/15)
 Temple: D:4-7

Altars:
Vehumet

Shops:
D:1 =

Annotations:
D:3 exclusion: statue


Innate Abilities, Weirdness & Mutations

You cannot wear most types of armour.
You are amphibious.
You can wear up to eight rings at the same time.
Your skin changes colour to match your surroundings (Stealth+).
Your rubbery body absorbs attacks. (AC +1, EV +1)
((You are camouflaged near water. (Stealth+)))
You have tentacles for arms and can constrict up to eight enemies at once.


Message History

You see here an adder corpse.
Partly explored, can't reach some items and places.
Your +0 flail of protection goes still.
a - a +0 dagger (weapon)
Really wriggl into a travel-excluded area?
The helpless Ijyb fails to defend herself.
You impale Ijyb!! Your grab misses Ijyb. Ijyb hits you with a +0 dagger.
You take 6 damage, and have 25/31 hp.
You barely miss Ijyb. You grab Ijyb. You constrict Ijyb.
You kill Ijyb!
Your Stealth skill increases to level 7!
You have reached level 6!
Your experience leads to an increase in your attributes!
Increase (s)trength, (i)ntelligence, or (d)exterity?
You feel agile.
You regained 4 hp, and now have 29/36 hp.
MP restored: 10
q - a wand of flame (13)
Things that are here:
a +0 dagger; a +0 leather armour; the goblin corpse of Ijyb
n - a grey potion Health restored: 36 Partly explored, can't reach some places.
Your +0 flail of protection hums with potential!
i - a +0 flail of protection (weapon)
Adjust to which letter? (? for menu, Esc to quit)
b - a +0 flail of protection (weapon);
i - a +0 hat (worn)
(D) Dungeon
Where to? (Enter - D:3 @ (x,y), ? - help)
There is a stone staircase leading down here.
You climb downwards.
There is a stone staircase leading up here.
o - a scroll labelled EKKUANELEP A jackal comes into view.
Found a stone staircase leading down.
A hobgoblin comes into view.
A jackal comes into view.
The helpless jackal fails to defend itself.
You sock the jackal!
Your weapon exudes an aura of protection.
You kill the jackal!
A giant cockroach comes into view.
The jackal barks!
You hit the jackal but do no damage. Your grab misses the jackal.
The jackal bites you but does no damage.
The jackal closely misses you.
You closely miss the jackal. Your grab misses the jackal.
You squeeze the jackal, but do no damage.
The jackal bites you but does no damage.
The jackal misses you.
A goblin comes into view. It is wielding a +0 dagger.
You closely miss the jackal. Your grab misses the jackal.
The jackal closely misses you.
The jackal bites you but does no damage.
The giant cockroach closely misses you.
You barely miss the jackal. You grab the jackal. You constrict the jackal.
The jackal barely misses you. The giant cockroach bites you.
The jackal closely misses you. The giant cockroach barely misses you.
You take 2 damage, and have 34/36 hp.
You hit the jackal but do no damage.
Your weapon exudes an aura of protection.
You squeeze the jackal.
You kill the jackal!
The giant cockroach bites you but does no damage.
You barely miss the giant cockroach. Your grab misses the giant cockroach.
The giant cockroach barely misses you. The giant cockroach misses you.
You hit the giant cockroach.
You kill the giant cockroach!
You hit the goblin. You grab the goblin. Your squeeze misses the goblin.
You constrict the goblin.
You kill the goblin!
No target in view!
No target in view!
You see here a giant cockroach corpse.
Things that are here:
a +0 dagger; a goblin corpse Health restored: 36 The helpless hobgoblin fails to defend itself.
You hit the hobgoblin.
Your weapon exudes an aura of protection.
You kill the hobgoblin!
No target in view!
No target in view!
You see here a hobgoblin corpse.
A scorpion comes into view.
No target in view!
No target in view!
No target in view!
A centaur comes into view.
The centaur wields a +0 shortbow.
The centaur shoots an arrow.
The arrow hits you!
You take 12 damage, and have 24/36 hp.
MASSIVE DAMAGE!!
The centaur shoots an arrow.
The arrow closely misses you.
The centaur shoots an arrow.
The arrow hits you!
* * * LOW HITPOINT WARNING * * *
You take 15 damage, and have 9/36 hp.
MASSIVE DAMAGE!!
The centaur shoots an arrow.
The arrow hits you!
You die...

.........# ##..#.....
.........# ##...#..... #.
........###...##)†... .#..
#...#........##.#...
....####.##.#.......#.##..
............####...#..##..
............####...##..#..
..................##....[.
.........@s..##..†........
.........#....##...##.....
.......#####c.......>.....
#...... #..#....#......#
#...... #..#....#......#
....... #............#...
......................##..
..........##..s...##......
.......... #......##......


You could see a centaur and a scorpion (wandering).

Vanquished Creatures
  A howler monkey (D:2)
  An orc priest (D:3)
  Ijyb (D:3)
  2 orc wizards (D:3)
  3 adders
  A worm (D:2)
  2 dart slugs
  5 orcs (D:3)
  2 ball pythons
  5 bats
  3 endoplasms (D:1)
  2 giant cockroaches
  6 hobgoblins
  4 jackals
  3 kobolds (D:3)
  3 quokkas
  2 frilled lizards (D:3)
  5 goblins
  3 rats (D:1)
54 creatures vanquished.

Notes
Turn   | Place    | Note
-------+----------+-------------------------------------------
     0 | D:1      | sokol815 the Octopode Hedge Wizard began the quest for the
                  | Orb.
     0 | D:1      | Reached XP level 1. HP: 11/11 MP: 4/4
   143 | D:1      | Reached skill level 3 in Stealth
   214 | D:1      | Reached XP level 2. HP: 14/17 MP: 6/6
   365 | D:1      | Found Vitibra's Jewellery Emporium.
   384 | D:1      | Reached skill level 1 in Short Blades
   467 | D:1      | Reached skill level 4 in Stealth
  1000 | D:2      | Reached XP level 3. HP: 21/21 MP: 7/7
  1270 | D:2      | Reached skill level 5 in Stealth
  1270 | D:2      | Reached XP level 4. HP: 21/27 MP: 8/8
  1279 | D:2      | HP: 6/27 [hobgoblin (8)]
  1281 | D:2      | Reached skill level 2 in Short Blades
  1952 | D:3      | Noticed Ijyb
  2170 | D:3      | HP: 6/27 [poisoned by a kobold]
  2509 | D:3      | Reached skill level 6 in Stealth
  2509 | D:3      | Reached XP level 5. HP: 28/31 MP: 9/9
  2515 | D:3      | Learned a level 4 spell: Ice Form
  2585 | D:3      | HP: 5/31 [orc priest (3)]
  3021 | D:3      | HP: 6/31 [orc (2)]
  3390 | D:3      | Found a radiant altar of Vehumet.
  3390 | D:3      | Noticed a charred statue
  3432 | D:3      | Found a faded altar of an unknown god.
  3469 | D:3      | Reached skill level 1 in Transmutations
  3469 | D:3      | Reached skill level 1 in Ice Magic
  3558 | D:3      | Killed Ijyb
  3559 | D:3      | Reached skill level 7 in Stealth
  3559 | D:3      | Reached XP level 6. HP: 29/36 MP: 10/10
  3693 | D:4      | HP: 9/36 [centaur/arrow (16)]
  3700 | D:4      | Shot with an arrow by a centaur

Illustrated notes

Levels and vault maps discovered:
D:1:      evilmike_arrival_crescent, layout_loops_corners, serial_shops,
          nicolae_shop_waterfront
D:2:      layout_basic
D:3:      layout_rooms, vehumet_statue, chequers_ecumenical_altar_lobes,
          kennysheep_doodads, uniq_ijyb
D:4:      layout_cave_pools, minmay_misc_feat_pillars, minmay_tree_intersection,
          chequers_serial_rivers_micro_a

Skill      XL: |  1  2  3  4  5 |
---------------+----------------+-----
Stealth        | 3 4 5 6 7 |  7.0
Short Blades   | 1 2 |  2.5
Transmutations | 1 |  1.2
Ice Magic      | 1 |  1.2
Dodging        | |  2.0
Spellcasting   | |  3.0
Conjurations   | |  1.0
Summonings     | |  1.0
Translocations | |  1.0

Action                   |  1- 3 |  4- 6 || total
-------------------------+-------+-------++-------
Melee: Dagger            |    41 |    49 ||    90
       Constrict         |    10 |    24 ||    34
       Tentacles         |     5 |    19 ||    24
       Flail             |       |    36 ||    36
Throw: Stone             |       |     4 ||     4
  Use: Potion            |       |     1 ||     1
 Stab: Sleeping          |    13 |     7 ||    20
Armor: Skin              |     4 |    16 ||    20
Dodge: Dodged            |    21 |    46 ||    67

Table legend: (Time is in decaauts)
 A = Elapsed time spent in this place.
 B = Non-inter-level travel time spent in this place.
 C = Inter-level travel time spent in this place.
 D = Time resting spent in this place.
 E = Time spent auto-exploring this place.
 F = Levels seen in this place.
 G = Mean time per level.
                   A        B        C        D        E       F      G
               +--------+--------+--------+--------+--------+-----+--------+
         Total |   3706 |   3547 |    159 |    903 |   2147 |   4 |  926.5 |
       Dungeon |   3706 |   3547 |    159 |    903 |   2147 |   4 |  926.5 |
               +--------+--------+--------+--------+--------+-----+--------+

Top non-repeatable levels by time:
     D:3: 1723 daAuts
     D:1: 1178 daAuts
     D:2: 740 daAuts
     D:4: 63 daAuts

Table legend:
 A = Kills in this place as a percentage of kills in entire the game.
 B = Kills by you in this place as a percentage of kills by you in the entire game.
 C = Kills by friends in this place as a percentage of kills by friends in the entire game.
 D = Other kills in this place as a percentage of other kills in the entire game.
 E = Experience gained in this place as a percentage of experience gained in the entire game.
 F = Experience gained in this place divided by the number of levels of this place that you have seen.
                   A       B       C       D       E      F
               +-------+-------+-------+-------+-------+----------------------
         Total | 100.0 | 100.0 |   N/A |   N/A | 100.0 |  84.5
       Dungeon | 100.0 | 100.0 |   N/A |   N/A | 100.0 |  84.5
               +-------+-------+-------+-------+-------+----------------------
